 Dungeon Crawl Stone Soup version 0.29-a0-1019-g84f7d21838 (webtiles) character file.

Game seed: 1957517221590512788

18 drpainis the Sneak (level 2, 0/14 HPs)
             Began as a Spriggan Enchanter on Aug 11, 2022.
             Frozen to death by an endoplasm (3 damage)
             ... on level 1 of the Dungeon.
             The game lasted 00:01:44 (1740 turns).

drpainis the Sneak (Spriggan Enchanter)             Turns: 1740, Time: 00:01:45

Health: 0/14       AC:  2    Str:  4    XL:     2   Next: 51%
Magic:  6/6        EV: 17    Int: 16    God:
Gold:   23         SH:  0    Dex: 15    Spells: 6/6 levels left

rFire   . . .      SeeInvis +   a - +1 dagger
rCold   . . .      Faith    .   (no shield)
rNeg    . . .      Spirit   .   b - +0 robe
rPois   .          Reflect  .   (helmet restricted)
rElec   .          Harm     .   (no cloak)
rCorr   .          Rampage  .   (gloves unavailable)
Will    .....                   (boots unavailable)
Stlth   +++.......              (no amulet)
HPRegen 0.04/turn               (no ring)
MPRegen 0.10/turn               (no ring)

@: very quick
A: very small, no large weapons, unfitting armour, see invisible, speed 3
a: no special abilities


You were on level 1 of the Dungeon.
You visited 1 branch of the dungeon, and saw 1 of its levels.

You collected 23 gold pieces.

Inventory:

Hand Weapons
 a - a +1 dagger (weapon)
Armour
 b - a +0 robe (worn)
Scrolls
 e - 4 scrolls of identify {unknown}
 f - a scroll of fear {unknown}
 g - a scroll of silence {unknown}
Potions
 c - 2 potions of invisibility
 d - a potion of curing {unknown}
 h - a potion of attraction {unknown}


   Skills:
 + Level 0.5 Fighting
 + Level 1.3 Short Blades
 + Level 2.6 Dodging
 + Level 4.6 Stealth
 + Level 2.8 Spellcasting
 + Level 4.2 Hexes


You had 6 spell levels left.
You didn't know any spells.
Your spell library contained the following spells:

 Spells                   Type           Power      Damage    Failure   Level
 Confusing Touch          Hex            15%        N/A       10%         3
 Tukima's Dance           Hex            15%        N/A       10%         3
 Ensorcelled Hibernation  Hex/Ice        18%        N/A       12%         2
 Dazzling Flash           Conj/Hex       18%        N/A       24%         3


Dungeon Overview and Level Annotations

Branches:
Dungeon (1/15)

Altars:


Innate Abilities, Weirdness & Mutations

You are very small and have problems with some larger weapons.
You are too small for most types of armour.
You have supernaturally acute eyesight. (SInv)
You cover ground extremely quickly. (Speed+++)


Message History

Found a stone staircase leading down.
There is an open door here.
A kobold comes into view. It is wielding a +0 dagger.
The helpless ball python fails to defend itself.
You impale the ball python!!
You kill the ball python!
The kobold shouts!
There are monsters nearby!
There are monsters nearby!
The endoplasm quivers.
You hit the kobold but do no damage. The kobold closely misses you.
You miss the kobold. The kobold completely misses you.
You hit the kobold.
The kobold is severely wounded.
The endoplasm freezes you.
You are frozen.
The kobold hits you with a +0 dagger.
You hit the kobold.
You kill the kobold!
The endoplasm freezes you.
You are frozen.
* * * LOW HITPOINT WARNING * * *
Things that are here:
a +0 dagger; a kobold corpse You hit the endoplasm but do no damage.
The endoplasm barely misses you.
You hit the endoplasm.
The endoplasm is moderately wounded.
The endoplasm misses you.
You completely miss the endoplasm.
The endoplasm is moderately wounded.
The endoplasm barely misses you.
You barely miss the endoplasm.
The endoplasm is moderately wounded.
The endoplasm freezes you.
You are frozen.
* * * LOW HITPOINT WARNING * * *
You hit the endoplasm.
The endoplasm is heavily wounded.
The endoplasm freezes you.
You are frozen.
You die...

###.....#
#............###......
#...>........+........
#............#######..
#............# #..
#............# #..
#............# #..
#....J.......# #..
#....@.......# #.#
###########'########.#
#.(........#
####################
#...................
#......######.......
#...........'.......
#.......#####...†...
##.......# ####.###


You could see an endoplasm.

Vanquished Creatures
  3 goblins (D:1)
  3 hobgoblins (D:1)
  4 ball pythons (D:1)
  A bat (D:1)
  4 frilled lizards (D:1)
  3 kobolds (D:1)
  A rat (D:1)
19 creatures vanquished.

Notes
Turn   | Place    | Note
-------+----------+-------------------------------------------
     0 | D:1      | drpainis the Spriggan Enchanter began the quest for the
                  | Orb.
     0 | D:1      | Reached XP level 1. HP: 9/9 MP: 5/5
   447 | D:1      | Reached XP level 2. HP: 12/13 MP: 6/6
   619 | D:1      | Found a faded altar of an unknown god.
  1740 | D:1      | Frozen to death by an endoplasm

Illustrated notes

Levels and vault maps discovered:
D:1:      psy_arrival_terrarium, layout_basic, basic_ecumenical_altar,
          serial_park_tiny_pond

Skill      XL: |  1 |
---------------+----+-----
Hexes          | 4 |  4.2
Fighting       | |  0.5
Short Blades   | |  1.3
Dodging        | |  2.6
Stealth        | |  4.6
Spellcasting   | |  2.8

Action                   || total
-------------------------++-------
Melee: Dagger            ||    73
       Punch             ||     1
 Stab: Sleeping          ||     3
Armor: Robe              ||     5
Dodge: Dodged            ||    64

Table legend: (Time is in decaauts)
 A = Elapsed time spent in this place.
 B = Non-inter-level travel time spent in this place.
 C = Inter-level travel time spent in this place.
 D = Time resting spent in this place.
 E = Time spent auto-exploring this place.
 F = Levels seen in this place.
 G = Mean time per level.
                   A        B        C        D        E       F      G
               +--------+--------+--------+--------+--------+-----+--------+
         Total |   1573 |   1511 |     62 |    670 |    673 |   1 | 1573.0 |
       Dungeon |   1573 |   1511 |     62 |    670 |    673 |   1 | 1573.0 |
               +--------+--------+--------+--------+--------+-----+--------+

Top non-repeatable levels by time:
     D:1: 1573 daAuts
